 Dungeon Crawl Stone Soup version 0.30.1-4-g462c640d31 (webtiles) character file.

Game seed: 4526067159162767268

601 Bobit the Protected (level 7, -3/51 HPs)
             Began as a Gnoll Wanderer on Aug 17, 2023.
             Was a Priest of Elyvilon.
             Slain by an iguana (11 damage)
             ... on level 5 of the Dungeon.
             The game lasted 00:14:36 (5634 turns).

Bobit the Protected (Gnoll Wanderer)                Turns: 5634, Time: 00:14:37

Health: -3/51      AC: 12    Str: 13    XL:     7   Next: 41%
Magic:  12/12      EV:  7    Int: 17    God:    Elyvilon [***...]
Gold:   318        SH:  4    Dex:  6    Spells: 11/13 levels left

rFire   + . .        w - +0 long sword
rCold   . . .        b - +0 buckler
rNeg    + . .        d - +0 chain mail
rPois   .            (no helmet)
rElec   .            (no cloak)
rCorr   .            (no gloves)
SInv    .            p - +0 pair of boots
Will    .....        (no amulet) Stlth
                     n - ring of positive energy
HPRegen 0.28/turn    (no ring)
MPRegen 0.13/turn

%: no passive effects
@: no status effects
A: fangs 1, strong nose, distributed training, clever 1, clumsy 1, fire
resistance 1
a: Renounce Religion, Purification, Heal Other, Heal Self


You were on level 5 of the Dungeon.
You worshipped Elyvilon.
Elyvilon was most pleased with you.
You visited 1 branch of the dungeon, and saw 6 of its levels.

You collected 318 gold pieces.

Inventory:

Hand Weapons
 a - a +0 club
 o - a +1 whip of pain
 t - a +0 mace
 u - a +0 hand axe
 w - a +0 long sword (weapon)
Missiles
 s - 2 throwing nets
Armour
 b - a +0 buckler (worn)
 d - a +0 chain mail (worn)
 p - a +0 pair of boots (worn)
Jewellery
 m - a ring of protection from fire
 n - a ring of positive energy (left hand)
 A - a ring of willpower
Wands
 B - a wand of quicksilver (12)
Scrolls
 e - a scroll of poison {unknown}
 f - a scroll of vulnerability (quivered)
 h - 2 scrolls of magic mapping {unknown}
 j - a scroll of acquirement {unknown}
 k - 4 scrolls of teleportation
 l - 4 scrolls of identify {unknown}
 r - a scroll of immolation {unknown}
 x - a scroll of torment {unknown}
 y - a scroll of enchant weapon {unknown}
 z - a scroll of silence {unknown}
Potions
 c - 2 potions of attraction
 i - 2 potions of degeneration
 q - a potion of brilliance
 v - 3 potions of lignification


   Skills:
 + Level 2.6 Fighting
 + Level 2.6 Short Blades
 + Level 2.6 Long Blades
 + Level 2.6 Axes
 + Level 2.6 Maces & Flails
 + Level 2.6 Polearms
 + Level 2.6 Staves
 + Level 2.6 Ranged Weapons
 + Level 2.6 Throwing
 + Level 8.9 Armour
 + Level 2.6 Dodging
 + Level 3.5 Stealth
 + Level 3.7 Shields
 + Level 2.6 Unarmed Combat
 + Level 3.9 Spellcasting
 + Level 2.1 Conjurations
 + Level 2.1 Hexes
 + Level 2.1 Summonings
 + Level 2.1 Necromancy
 + Level 2.1 Translocations
 + Level 2.1 Transmutations
 + Level 2.1 Fire Magic
 + Level 2.1 Ice Magic
 + Level 4.3 Air Magic
 + Level 2.1 Earth Magic
 + Level 2.1 Poison Magic
 + Level 2.9 Invocations
 + Level 3.7 Evocations


You had 11 spell levels left.
You knew the following spells:

 Your Spells              Type           Power      Damage    Failure   Level
a - Poisonous Vapours     Pois/Air       28%        N/A       73%         2

Your spell library contained the following spells:

 Spells                   Type           Power      Damage    Failure   Level
 Freeze                   Ice            40%        1d6       75%         1
 Cigotuvi's Dreadful Rot  Necr/Pois/Air  26%        N/A       77%         2
 Frozen Ramparts          Ice            20%        1d4       98%         3
 Hailstorm                Conj/Ice       10%        3d5       98%         3
 Inner Flame              Hex/Fire       10%        N/A       98%         3
 Flame Wave               Conj/Fire      10%        2d6       100%        4
 Sticky Flame             Conj/Fire      10%        2d3       100%        4


Dungeon Overview and Level Annotations

Branches:
Dungeon (6/15)
 Temple: D:4-7

Altars:
Cheibriados
Elyvilon
Fedhas
Gozag
Kikubaaqudgha
Nemelex Xobeh

Annotations:
D:3 Grinder, Sigmund
D:6 Blork the orc


Innate Abilities, Weirdness & Mutations

You have very sharp teeth.
Your uncanny sense of smell can sniff out nearby items.
Your experience applies equally to all skills.
Your mind is acute. (Int +4, Str/Dex -1)
You are clumsy. (Dex -2)
Your flesh is heat resistant. (rF+)


Message History

The water moccasin barely misses you. x2
You slash the water moccasin!
The water moccasin is heavily wounded.
You feel sick. You block the water moccasin's attack.
The water moccasin bites you.
You are more poisoned.
The water moccasin poisons you!
You closely miss the water moccasin.
The water moccasin is heavily wounded.
You feel very sick.
The water moccasin completely misses you.
The water moccasin bites you but does no damage.
You hit the water moccasin.
The water moccasin is severely wounded.
You feel very sick.
The water moccasin bites you but does no damage.
You miss the water moccasin.
The water moccasin is severely wounded.
You feel sick. The water moccasin closely misses you.
The water moccasin barely misses you.
You hit the water moccasin.
The water moccasin is almost dead.
You feel sick.
The water moccasin barely misses you. x2
You miss the water moccasin.
The water moccasin is almost dead.
You feel sick.
The water moccasin bites you but does no damage. x2
You hit the water moccasin. Your bite misses the water moccasin.
The water moccasin is almost dead.
You feel sick.
The water moccasin bites you but does no damage.
The water moccasin barely misses you.
You hit the water moccasin.
You kill the water moccasin!
You feel sick. You block the iguana's attack.
You hit the iguana but do no damage.
You feel sick.
You are no longer poisoned.
The iguana bites you but does no damage.
You closely miss the iguana. The iguana bites you!
You die...

#.########.#
#..........##.#
#...#########.# #.#.# #.#
#†#.# #.# ### #†#.# #.# ..#
#.#.# #.##
#.####.#.#########..###.###
#...............@l.........
######.#####.######.###.##.
...###.# #.# ##...##.##
.>.....# #.# ##...).....
##.##### #.###.......#.#
##.# #.............. ##.#
#####......$... ##.#
#......#.#. ##.# #.#.(.##


You could see an iguana.

Vanquished Creatures
  A water moccasin (D:5)
  A black bear (D:5)
  An ogre (D:4)
  4 iguanas
  5 adders
  4 gnolls (D:2)
  A shadow imp (D:5)
  A white imp (D:5)
  2 ufetubi (D:5)
  3 worms
  5 dart slugs
  13 orcs
  8 ball pythons
  5 endoplasms
  6 goblins
  6 hobgoblins
  2 jackals (D:3)
  2 quokkas
  4 bats
  3 frilled lizards
  6 kobolds
  4 rats
87 creatures vanquished.

Notes
Turn   | Place    | Note
-------+----------+-------------------------------------------
     0 | D:1      | Bobit the Gnoll Wanderer began the quest for the Orb.
     0 | D:1      | Bobit set off with the following items: a +0 club, a +0
                  | buckler, a potion of attraction, a +0 chain mail; and the
                  | following spells available to memorise: Cigotuvi's Dreadful
                  | Rot, Poisonous Vapours.
     0 | D:1      | Reached XP level 1. HP: 13/13 MP: 4/4
   210 | D:1      | Reached XP level 2. HP: 19/19 MP: 5/5
   841 | D:1      | Reached XP level 3. HP: 25/25 MP: 7/7
  1373 | D:2      | Reached skill level 1 in Invocations
  1400 | D:2      | Reached skill level 1 in Fighting
  1400 | D:2      | Reached skill level 1 in Short Blades
  1400 | D:2      | Reached skill level 1 in Long Blades
  1400 | D:2      | Reached skill level 1 in Axes
  1400 | D:2      | Reached skill level 1 in Maces & Flails
  1400 | D:2      | Reached skill level 1 in Polearms
  1400 | D:2      | Reached skill level 1 in Staves
  1400 | D:2      | Reached skill level 1 in Ranged Weapons
  1400 | D:2      | Reached skill level 1 in Throwing
  1400 | D:2      | Reached skill level 1 in Dodging
  1400 | D:2      | Reached skill level 1 in Unarmed Combat
  1505 | D:2      | Found a faded altar of an unknown god.
  1522 | D:2      | Prayed at the altar of an unknown god.
  1522 | D:2      | Became a worshipper of Elyvilon the Healer
  1522 | D:2      | Reached * piety under Elyvilon
  2036 | D:3      | Noticed Sigmund
  2385 | D:3      | Reached XP level 4. HP: 32/32 MP: 8/8
  2550 | D:3      | Reached ** piety under Elyvilon
  2600 | D:2      | Reached skill level 1 in Conjurations
  2600 | D:2      | Reached skill level 1 in Hexes
  2600 | D:2      | Reached skill level 1 in Summonings
  2600 | D:2      | Reached skill level 1 in Necromancy
  2600 | D:2      | Reached skill level 1 in Translocations
  2600 | D:2      | Reached skill level 1 in Transmutations
  2600 | D:2      | Reached skill level 1 in Fire Magic
  2600 | D:2      | Reached skill level 1 in Ice Magic
  2600 | D:2      | Reached skill level 1 in Earth Magic
  2600 | D:2      | Reached skill level 1 in Poison Magic
  2708 | D:2      | Reached XP level 5. HP: 7/37 MP: 9/9
  2825 | D:3      | Noticed Grinder
  3373 | D:4      | Found an opulent altar of Gozag.
  3655 | D:5      | Entered Level 5 of the Dungeon
  3780 | D:5      | Reached *** piety under Elyvilon
  3846 | D:6      | Reached XP level 6. HP: 19/44 MP: 9/11
  3986 | D:5      | Noticed a water moccasin
  4001 | D:5      | Gained mutation: Your flesh is heat resistant. (rF+)
                  | [potion of mutation]
  4001 | D:5      | Gained mutation: You are clumsy. (Dex -2) [potion of
                  | mutation]
  4001 | D:5      | Gained mutation: Your mind is acute. (Int +4, Str/Dex -1)
                  | [potion of mutation]
  4392 | D:5      | Found an ancient bone altar of Kikubaaqudgha.
  4524 | D:5      | Noticed a black bear
  4651 | D:3      | Learned a level 2 spell: Poisonous Vapours
  4852 | D:3      | Found a sparkling altar of Nemelex Xobeh.
  4863 | D:3      | Found a blossoming altar of Fedhas.
  4920 | D:3      | Found a snail-covered altar of Cheibriados.
  5024 | D:3      | Paralysed by Grinder for 4 turns
  5159 | D:6      | Noticed Blork the orc
  5407 | D:5      | Killed a black bear
  5408 | D:5      | Reached XP level 7. HP: 25/51 MP: 12/12
  5634 | D:5      | Slain by an iguana

Illustrated notes

Levels and vault maps discovered:
D:1:      elethiomel_arrival_quiet, layout_basic
D:2:      layout_loops_cross, hellmonk_ecumenical_altar_crossroads,
          chequers_serial_rivers_room_a, minmay_tromino_v4_c
D:3:      layout_rooms, fedhas_altar_fruit_tree, mainiacjoe_overflow_brackets,
          mainiacjoe_overflow_tiny_flanked, minmay_liquid_box, uniq_sigmund,
          uniq_grinder
D:4:      layout_cave_pools, nicolae_gozag_cash_rules_everything_around_me
D:5:      layout_loops_ring, kennysheep_mini, minmay_misc_feat_five
D:6:      layout_basic, minmay_temple_entry_arrows, uniq_blork_the_orc

Skill      XL: |  1  2  3  4  5  6  7 |
---------------+----------------------+-----
Invocations    | 1 2 |  2.9
Fighting       | 1 2 |  2.6
Short Blades   | 1 2 |  2.6
Long Blades    | 1 2 |  2.6
Axes           | 1 2 |  2.6
Maces & Flails | 1 2 |  2.6
Polearms       | 1 2 |  2.6
Staves         | 1 2 |  2.6
Ranged Weapons | 1 2 |  2.6
Throwing       | 1 2 |  2.6
Dodging        | 1 2 |  2.6
Unarmed Combat | 1 2 |  2.6
Spellcasting   | 3 |  3.9
Conjurations   | 1 2 |  2.1
Hexes          | 1 2 |  2.1
Summonings     | 1 2 |  2.1
Necromancy     | 1 2 |  2.1
Translocations | 1 2 |  2.1
Transmutations | 1 2 |  2.1
Fire Magic     | 1 2 |  2.1
Ice Magic      | 1 2 |  2.1
Earth Magic    | 1 2 |  2.1
Poison Magic   | 1 2 |  2.1
Shields        | 3 |  3.7
Evocations     | 3 |  3.7
Air Magic      | 4 |  4.3
Stealth        | 3 |  3.5
Armour         | |  8.9

Action                     |  1- 3 |  4- 6 |  7- 9 || total
---------------------------+-------+-------+-------++-------
  Melee: Club              |   170 |   125 |       ||   295
         Bite              |    15 |    28 |     3 ||    46
         Whip              |    42 |       |       ||    42
         Mace              |       |   113 |       ||   113
         Long sword        |       |    91 |    36 ||   127
         Hand axe          |       |    35 |       ||    35
 Invoke: Heal Self         |       |     1 |       ||     1
         Purification      |       |     2 |       ||     2
    Use: Potion            |     1 |     6 |       ||     7
         Scroll            |       |     4 |       ||     4
 Armour: Chain mail        |   145 |   280 |    24 ||   449
  Dodge: Dodged            |    44 |   161 |    21 ||   226
  Block: Buckler           |    38 |    97 |     7 ||   142
